 Dungeon Crawl Stone Soup version 0.31-a0-187-gba352fbbf7 (webtiles) character file.

Game seed: 14895421203895166428

80 qw the Shooter (level 4, 0/25 HPs)
             Began as a Deep Elf Hunter on June 22, 2023.
             Slain by an orc
             ... wielding a +0 short sword
              (5 damage)
             ... on level 2 of the Dungeon.
             The game lasted 00:00:29 (1102 turns).

qw the Shooter (Deep Elf Hunter)                    Turns: 1102, Time: 00:00:30

Health: 0/25       AC:  4    Str: 10    XL:     4   Next: 18%
Magic:  6/6        EV: 12    Int: 14    God:
Gold:   105        SH:  0    Dex: 18    Spells: 3/3 levels left

rFire   + . .        Y - +0 shortbow
rCold   . . .        (shield currently unavailable)
rNeg    . . .        c - +0 leather armour
rPois   .            (no helmet)
rElec   .            (no cloak)
rCorr   .            j - +0 pair of gloves
SInv    .            (no boots)
Will    +....        (no amulet)
Stlth   ++           f - ring of willpower
HPRegen 0.24/turn    (no ring)
MPRegen 0.10/turn

%: no passive effects
@: no status effects
A: fire resistance 1
a: no special abilities


You were on level 2 of the Dungeon.
You visited 1 branch of the dungeon, and saw 3 of its levels.

You collected 105 gold pieces.


Innate Abilities, Weirdness & Mutations

Your flesh is heat resistant. (rF+)


   Skills:
 - Level 1.5 Fighting
 + Level 7.6 Ranged Weapons
 - Level 2.4 Dodging
 - Level 1.2 Stealth


You had 3 spell levels left.
You didn't know any spells.
Your spell library was empty.

Inventory:

Hand Weapons
 Y - a +0 shortbow (weapon)
Armour
 c - a +0 leather armour (worn)
 j - a +0 pair of gloves (worn)
Jewellery
 f - a ring of willpower (left hand)
Potions
 a - a potion of curing
 d - a potion of heal wounds {unknown}
 e - a potion of berserk rage {unknown}

Dungeon Overview and Level Annotations

Branches:
Dungeon (3/15)

Altars:
Makhleb


Message History

You resist with some effort.
You shoot an arrow. The arrow barely misses the orc.
A giant cockroach comes into view.
The orc hits you from afar with a +0 trident.
You shoot an arrow. The arrow barely misses the orc.
The arrow barely misses the orc priest.
The orc barely misses you.
You shoot an arrow. The arrow hits the orc priest.
The orc priest is lightly wounded.
The orc closely misses you.
You shoot an arrow.
The arrow hits the orc priest but does no damage.
The orc priest is lightly wounded.
The orc barely misses you. The orc priest misses you.
The orc completely misses you.
You shoot an arrow.
The arrow hits the orc priest but does no damage.
The orc priest is lightly wounded.
The orc priest hits you with a +0 falchion.
The orc hits you with a +0 short sword.
The orc hits you from afar with a +0 trident.
1098 ||| STAIRDANCE The orc hits you from afar with a +0 trident.
The orc misses you. The orc priest closely misses you.
The giant cockroach barely misses you.
You climb upwards.
There is a stone staircase leading down here.
You shoot an arrow. The arrow hits the orc priest.
The orc priest is moderately wounded.
The orc priest hits you with a +0 falchion!
The orc hits you but does no damage.
You shoot an arrow. The arrow hits the orc priest.
The orc priest is moderately wounded.
The orc priest barely misses you. The orc misses you.
You shoot an arrow.
The arrow hits the orc priest but does no damage.
The orc priest is moderately wounded.
The orc priest hits you but does no damage.
The orc hits you with a +0 short sword.
You die...

# #........# #### #.######.###
...# #.# #...# ##.### #.# ###.#
#...# #.# #.## ##########
###.####.# #..# ##........#
#...##.# ##.###..######.#
###.#..### ####......#######.#
#......###o@o.#.##......##.#
###.)##.#..!####.........##.#
##......<...#####.........##.#
##..#.######...##.....###...#.#
###..##.# ###..#.###.# ###...#
....##..# ##...###.# ##..#
######.## ###..##.######..# ###
#.# #####...........###.. ..#
#.# #.....####..........<


You could see an orc priest and an orc.

Vanquished Creatures
  Jessica (D:2)
  3 worms (D:2)
  4 dart slugs
  2 orcs
  5 ball pythons
  4 bats (D:1)
  An endoplasm (D:2)
  3 giant cockroaches (D:1)
  4 hobgoblins
  4 frilled lizards (D:1)
  A goblin (D:1)
  4 kobolds
  A rat (D:1)
37 creatures vanquished.

Notes
Turn   | Place    | Note
-------+----------+-------------------------------------------
     0 | D:1      | qw the Deep Elf Hunter began the quest for the Orb.
     0 | D:1      | Reached XP level 1. HP: 12/12 MP: 3/3
     0 | D:1      | 0 ||| qw: Version: 0.3-a-9-g12657ce
     0 | D:1      | 0 ||| qw: Game counter: 2063
     0 | D:1      | 0 ||| qw: Always use a shield: true
     0 | D:1      | 0 ||| qw: God list: Okawaru
     0 | D:1      | 0 ||| qw: Allow faded altars: false
     0 | D:1      | 0 ||| qw: Do Orc after D:15 true
     0 | D:1      | 0 ||| qw: Do second Lair branch before Depths: true
     0 | D:1      | 0 ||| qw: Lair rune preference: random
     0 | D:1      | 0 ||| qw: Plans: Normal
     0 | D:1      | 0 ||| PLANNING D:1-11
    58 | D:1      | Reached XP level 2. HP: 16/16 MP: 4/4
    70 | D:1      | Reached skill level 6 in Ranged Weapons
   364 | D:1      | Reached XP level 3. HP: 19/20 MP: 5/5
   497 | D:1      | 497 ||| UPGRADING to +0 pair of gloves.
   502 | D:1      | 502 ||| UPGRADING to ring of willpower.
   503 | D:1      | 503 ||| READING scroll labelled WEPSIGGASA.
   504 | D:1      | 504 ||| READING scroll labelled GATHUTSODO.
   509 | D:1      | 509 ||| DRINKING 2 fizzy golden potions.
   549 | D:1      | 549 ||| DRINKING 2 bubbling grey potions.
   549 | D:1      | Gained mutation: You occasionally lose the ability to drink
                  | potions when taking damage. [potion of mutation]
   550 | D:1      | 550 ||| DRINKING potion of mutation.
   550 | D:1      | Lost mutation: You occasionally lose the ability to drink
                  | potions when taking damage. [potion of mutation]
   550 | D:1      | Gained mutation: Your flesh is heat resistant. (rF+)
                  | [potion of mutation]
   551 | D:1      | 551 ||| DROPPING scroll of butterflies.
   552 | D:1      | 552 ||| DROPPING potion of lignification.
   685 | D:2      | Found a burning altar of Makhleb.
   861 | D:2      | Noticed Jessica
   867 | D:2      | Killed Jessica
   868 | D:2      | Reached skill level 7 in Ranged Weapons
   903 | D:2      | Reached XP level 4. HP: 18/25 MP: 6/6
  1082 | D:2      | 1082 ||| READING scroll labelled FYEKIC WISERGH.
  1083 | D:2      | 1083 ||| DRINKING 2 fuming purple potions.
  1098 | D:3      | 1098 ||| STAIRDANCE
  1100 | D:2      | HP: 4/25 [orc priest/+0 falchion (8)]
  1102 | D:2      | Slain by an orc

Levels and vault maps discovered:
D:1:      lemuel_arrival_behind_the_door_small, layout_rooms,
          chequers_mini_garden, chequers_serial_rivers_large_b
D:2:      layout_rooms, basic_altar, kennysheep_cross_room, uniq_jessica
D:3:      layout_rooms

Skill      XL: |  1  2  3 |
---------------+----------+-----
Ranged Weapons | 6 7 |  7.6
Fighting       | |  1.5
Dodging        | |  2.4
Stealth        | |  1.2

Action                     |  1- 3 |  4- 6 || total
---------------------------+-------+-------++-------
   Fire: Shortbow          |    93 |    22 ||   115
    Use: Potion            |     3 |     1 ||     4
         Scroll            |     2 |     1 ||     3
 Armour: Leather armour    |     3 |     6 ||     9
  Dodge: Dodged            |    27 |    12 ||    39

Table legend:
 A = Non-vault XP
 B = Vault XP
 C = Vault XP percentage of total XP
 D = Non-vault monster count
 E = Vault monster count
 F = Vault count percentage of total count
                 A         B        C        D         E       F
            +---------+---------+-------+---------+---------+-------
      Total |      78 |      37 |  32.2 |      36 |       1 |   2.7
            +---------+---------+-------+---------+---------+-------
        D:1 |      42 |       0 |   0.0 |      24 |       0 |   0.0
        D:2 |      33 |      37 |  52.9 |      11 |       1 |   8.3
        D:3 |       3 |       0 |   0.0 |       1 |       0 |   0.0
            +---------+---------+-------+---------+---------+-------
